 Dungeon Crawl Stone Soup version 0.31-a0-233-g139696dc86 (webtiles) character file.

Game seed: 9554545909857096533

109 qw the Shooter (level 4, 0/36 HPs)
             Began as a Minotaur Hexslinger on July 7, 2023.
             Slain by Ijyb
             ... wielding a +7 club
              (4 damage)
             ... on level 3 of the Dungeon.
             The game lasted 00:00:41 (2030 turns).

qw the Shooter (Minotaur Hexslinger)                Turns: 2030, Time: 00:00:41

Health: 0/36       AC:  5    Str: 13    XL:     4   Next: 59%
Magic:  4/4        EV: 11    Int: 10    God:
Gold:   107        SH:  0    Dex: 14    Spells: 4/5 levels left

rFire   . . .        Y - +1 sling
rCold   . . .        (no shield)
rNeg    . . .        j - +0 ring mail
rPois   .            (helmet restricted)
rElec   .            (no cloak)
rCorr   .            (no gloves)
SInv    .            (no boots)
Will    +....        (no amulet)
Stlth   +            a - ring of willpower
HPRegen 0.26/turn    (no ring)
MPRegen 0.09/turn

%: no passive effects
@: no status effects
A: horns 2, retaliatory headbutt
a: no special abilities


You were on level 3 of the Dungeon.
You visited 1 branch of the dungeon, and saw 3 of its levels.

You collected 107 gold pieces.


Innate Abilities, Weirdness & Mutations

You have a pair of horns on your head.
You reflexively headbutt those who attack you in melee.


   Skills:
 + Level 2.0 Fighting
 - Level 5.0 Ranged Weapons
 - Level 1.0 Armour
 - Level 2.1 Dodging
 - Level 1.0 Spellcasting
 - Level 2.0 Hexes


You had 4 spell levels left.
You knew the following spells:

 Your Spells              Type           Power      Damage    Failure   Level
a - Slow                  Hex            16%        N/A       32%         1

Your spell library contained the following spells:

 Spells                   Type           Power      Damage    Failure   Level
 Inner Flame              Hex/Fire       2%         N/A       82%         3
 Portal Projectile        Hex/Tloc       4%         N/A       82%         3
 Cause Fear               Hex            2%         N/A       97%         4

Inventory:

Hand Weapons
 Y - a +1 sling (weapon)
Armour
 j - a +0 ring mail (worn)
Jewellery
 a - a ring of willpower (left hand)
Scrolls
 b - a scroll of identify
 g - 2 scrolls of enchant armour
Potions
 f - a potion of brilliance {unknown}
 i - a potion of curing {unknown}

Dungeon Overview and Level Annotations

Branches:
Dungeon (3/15)

Altars:
Nemelex Xobeh

Shops:
D:1 (

Annotations:
D:3 Ijyb


Message History

The grasping roots grab you! The grasping roots constrict you.
The jackal bites you but does no damage.
The grasping roots constrict you.
You shoot a sling bullet.
The sling bullet barely misses the jackal.
The sling bullet completely misses the goblin. x2
The sling bullet hits Ijyb but does no damage.
The jackal closely misses you. The grasping roots constrict you.
The jackal bites you but does no damage.
You shoot a sling bullet.
The sling bullet closely misses the jackal.
The sling bullet hits the goblin!
You kill the goblin!
The jackal bites you. The goblin closely misses you.
The grasping roots constrict you.
The grasping roots release their grip on you.
You shoot a sling bullet. The sling bullet hits the jackal.
The jackal is severely wounded.
The jackal barely misses you. You furiously retaliate!
You headbutt the jackal.
You kill the jackal!
The goblin completely misses you. You furiously retaliate!
You headbutt the goblin.
Ijyb zaps a wand.
The roots erupt in riotous growth!
The grasping roots grab you!
The goblin is unaffected.
The grasping roots constrict you.
Your Ranged Weapons skill increases to level 5!
You shoot a sling bullet. The sling bullet hits the goblin.
You kill the goblin!
The grasping roots constrict you. x2
You shoot a sling bullet. The sling bullet hits Ijyb!
Ijyb is moderately wounded.
Ijyb hits you but does no damage. The grasping roots constrict you.
You shoot a sling bullet. The sling bullet closely misses Ijyb.
Ijyb closely misses you. The grasping roots constrict you.
The grasping roots release their grip on you.
You shoot a sling bullet. The sling bullet closely misses Ijyb.
Ijyb barely misses you.
You shoot a sling bullet. The sling bullet barely misses Ijyb.
Ijyb hits you with a +7 club.
You die...

########### ###
#...)...... ~~#
#..@g)..... ~~#
#...#...... ####~~#
#...##########...~~#
#............#...~~#
#............#...~~#
##'##.....##%##..~~#
#...#.....#...#..~~#
#...#.....#...#..~~#
#...#.....#...#..~~#


You could see Ijyb.

Vanquished Creatures
  Jessica (D:3)
  An adder (D:2)
  An ufetubus (D:2)
  3 worms (D:2)
  3 dart slugs (D:2)
  4 endoplasms
  A giant cockroach (D:3)
  14 goblins
  5 hobgoblins
  4 jackals (D:3)
  A quokka (D:1)
  3 ball pythons
  2 bats (D:2)
  3 kobolds
  A rat (D:2)
47 creatures vanquished.

Notes
Turn   | Place    | Note
-------+----------+-------------------------------------------
     0 | D:1      | qw the Minotaur Hexslinger began the quest for the Orb.
     0 | D:1      | Reached XP level 1. HP: 16/16 MP: 1/1
     0 | D:1      | 0 ||| qw: Version: 0.3-a-46-gb1f654a
     0 | D:1      | 0 ||| qw: Game counter: 3017
     0 | D:1      | 0 ||| qw: Melee chars always use a shield: true
     0 | D:1      | 0 ||| qw: God list: Okawaru
     0 | D:1      | 0 ||| qw: Allow faded altars: false
     0 | D:1      | 0 ||| qw: Do Orc after clearing Dungeon:15 true
     0 | D:1      | 0 ||| qw: Do second Lair branch before Depths: true
     0 | D:1      | 0 ||| qw: Lair rune preference: random
     0 | D:1      | 0 ||| qw: Goals: Normal
     0 | D:1      | 0 ||| PLANNING D:1-11
   303 | D:1      | Found Didov's Weapon Shoppe.
   310 | D:1      | 310 ||| SHOPLISTING +2 triple crossbow of flaming (360
                  | gold, have 26).
   376 | D:1      | Found a faded altar of an unknown god.
   505 | D:1      | Reached skill level 3 in Ranged Weapons
   505 | D:1      | Reached XP level 2. HP: 19/23 MP: 2/2
   601 | D:1      | 601 ||| UPGRADING to +0 ring mail.
   611 | D:1      | 611 ||| DROPPING +0 robe.
   612 | D:1      | 612 ||| READING 2 scrolls labelled BAVIAGGUPPA.
   613 | D:1      | 613 ||| READING scroll labelled EDENIP JUEVEA.
   714 | D:1      | 714 ||| READING 2 scrolls labelled HOZXUH ARIK.
   715 | D:1      | 715 ||| READING scroll labelled JOSIXZ GEOD.
   716 | D:1      | 716 ||| DROPPING scroll of butterflies.
   717 | D:1      | 717 ||| DROPPING scroll of poison.
   826 | D:2      | Found a sparkling altar of Nemelex Xobeh.
   859 | D:2      | HP: 5/24 [worm (4)]
  1000 | D:2      | HP: 6/24 [ufetubus (4)]
  1002 | D:2      | Reached XP level 3. HP: 7/29 MP: 3/3
  1392 | D:2      | Reached skill level 4 in Ranged Weapons
  1432 | D:2      | Reached skill level 1 in Armour
  1701 | D:2      | 1701 ||| UPGRADING to ring of willpower.
  1702 | D:2      | 1702 ||| READING scroll labelled QOSUM ENTAQOMM.
  1703 | D:2      | 1703 ||| READING scroll labelled ESTRUY MINGO.
  1812 | D:3      | Noticed Jessica
  1824 | D:3      | Killed Jessica
  1825 | D:3      | Reached XP level 4. HP: 21/36 MP: 4/4
  2020 | D:3      | Noticed Ijyb
  2026 | D:3      | Reached skill level 5 in Ranged Weapons
  2027 | D:3      | HP: 5/36 [constriction (6)]
  2030 | D:3      | Slain by Ijyb

Levels and vault maps discovered:
D:1:      tarquinn_simple_flora_water_a, layout_loops_ring, serial_shops, shop,
          basic_ecumenical_altar
D:2:      layout_basic, basic_altar
D:3:      kennysheep_goblin_castle, layout_rooms, patterned_corridor,
          uniq_jessica, uniq_terence

Skill      XL: |  1  2  3  4 |
---------------+-------------+-----
Ranged Weapons | 3 4 5 |  5.0
Fighting       | 2 |  2.0
Armour         | 1 |  1.0
Dodging        | |  2.1
Spellcasting   | |  1.0
Hexes          | |  2.0

Action                     |  1- 3 |  4- 6 || total
---------------------------+-------+-------++-------
   Fire: Sling             |   132 |    29 ||   161
    Use: Scroll            |     6 |       ||     6
 Armour: Robe              |     1 |       ||     1
         Ring mail         |    16 |     9 ||    25
  Dodge: Dodged            |    41 |    12 ||    53

Table legend:
 A = Non-vault XP
 B = Vault XP
 C = Vault XP percentage of total XP
 D = Non-vault monster count
 E = Vault monster count
 F = Vault count percentage of total count
                 A         B        C        D         E       F
            +---------+---------+-------+---------+---------+-------
      Total |      97 |      59 |  37.8 |      35 |      12 |  25.5
            +---------+---------+-------+---------+---------+-------
        D:1 |      12 |       0 |   0.0 |       7 |       0 |   0.0
        D:2 |      75 |       0 |   0.0 |      23 |       0 |   0.0
        D:3 |      10 |      59 |  85.5 |       5 |      12 |  70.6
            +---------+---------+-------+---------+---------+-------
